 Dungeon Crawl Stone Soup version 0.22-a0-433-gd2a9cce0b5 (webtiles) character file.

1796 Oravi the Martial Artist (level 9, -4/68 HPs)
             Began as a Merfolk Transmuter on May 29, 2018.
             Slain by a manticore (12 damage)
             ... on level 7 of the Dungeon.
             The game lasted 00:14:57 (5962 turns).

Oravi the Martial Artist (Merfolk Transmuter)       Turns: 5962, Time: 00:14:57

Health: -4/68      AC:  2    Str: 10    XL:     9   Next: 9%
Magic:  8/12       EV: 30    Int: 16    God:
Gold:   262        SH:  0    Dex: 19    Spells: 7/12 levels left

rFire    . . .     SeeInvis .     - Unarmed
rCold    . . .     Gourm    .   (shield currently unavailable)
rNeg     . . .     Faith    .   (armour currently unavailable)
rPois    x         Spirit   .   (helmet currently unavailable)
rElec    .         Reflect  .   (cloak currently unavailable)
rCorr    .         Harm     .   (gloves currently unavailable)
MR       .....                  (boots currently unavailable)
Stlth    ++........             (no amulet)
HPRegen  0.21/turn              d - +4 ring of slaying
MPRegen  0.13/turn              z - +3 ring of evasion

@: spider-form, barbed spikes
A: tiny, (change form in water), (swift swim), (stealthy swim)
a: End Transformation


You were on level 7 of the Dungeon.
You were hungry.
You were a venomous arachnid creature.
You visited 1 branch of the dungeon, and saw 7 of its levels.

You collected 262 gold pieces.

Inventory:

Missiles
 a - 127 arrows
Armour
 b - a +0 robe
 c - a +0 helmet (melded)
 u - a +0 pair of boots (melded)
 w - the +1 robe of the Cast Vote (melded) {+Inv rF- Int+4}
   (You found it on level 5 of the Dungeon)

   It affects your intelligence (+4).
   It makes you vulnerable to fire.
   It lets you turn invisible.
 x - a -1 robe
Jewellery
 d - a +4 ring of slaying (left front leg)
 k - an uncursed ring of resist corrosion {unknown}
 z - a +3 ring of evasion (right front leg)
Wands
 o - a wand of digging (12)
 B - a wand of scattershot (7)
Scrolls
 h - 4 scrolls of identify
 m - a scroll of blinking
 q - 3 scrolls of teleportation
 r - 3 scrolls of magic mapping
 s - a scroll of enchant weapon {unknown}
 t - a scroll of fear {unknown}
 y - a scroll of noise {unknown}
Potions
 e - a potion of lignification
 f - 3 potions of haste
 i - a potion of resistance
 j - 4 potions of curing
 n - 3 potions of might
 p - a potion of agility
 v - a potion of brilliance
 A - a potion of ambrosia
Comestibles
 g - 6 chunks of flesh
 l - 11 rations


   Skills:
 + Level 5.5 Fighting
 + Level 7.1 Dodging
 * Level 8.5 Unarmed Combat
 - Level 2.0 Spellcasting
 - Level 6.0 Transmutations
 - Level 3.1 Poison Magic


You had 7 spell levels left.
You knew the following spells:

 Your Spells              Type           Power        Failure   Level  Hunger
a - Spider Form           Tmut/Pois      ###.......   24%         3    ###....
b - Sticks to Snakes      Tmut           ###.....     10%         2    ###....

Your spell library contained the following spells:

 Spells                   Type           Power        Failure   Level  Hunger
 Blade Hands              Tmut           ###.......   65%         5    ######.
 Ice Form                 Ice/Tmut       ##......     73%         4    #####..
 Beastly Appendage        Tmut           ###...       8%          1    #......


Dungeon Overview and Level Annotations

Branches:
Dungeon (7/15)             Temple (0/1) D:5

Altars:
Dithmenos
Elyvilon
Uskayaw
Xom

Shops:
D:6 =!(

Annotations:
D:5 1 runed door


Message History

You hit the manticore but do no damage.
The manticore looks as sick as possible!
The manticore is moderately wounded.
The manticore bites you. The manticore closely misses you.
The manticore completely misses you.
You hit the manticore but do no damage.
The manticore looks as sick as possible!
The manticore is moderately wounded.
The manticore closely misses you. The manticore claws you.
The manticore completely misses you.
Your ball python bites the manticore but does no damage.
You hit the manticore.
The manticore looks as sick as possible!
The manticore is heavily wounded.
The manticore bites you!
* * * LOW HITPOINT WARNING * * *
The manticore claws you!
* * * LOW HITPOINT WARNING * * *
The manticore claws you!
You die...

...#...#.................#
...'...#.................#
...#...#.................#
...#.###.................#
####'#####+#######+#.....#
.............+.....#......
.............#.....#.....
.............#..SH.# ..
.............#..s..+
####.##.##...##.##+#
#+##.##...##.# ...#......#
....#......# .....#......+
... #......# #......#
#..#####


You could see a manticore and a friendly ball python.

Vanquished Creatures
  Eustachio (D:5)
  Edmund (D:5)
  5 ogres
  2 centaurs (D:6)
  A scorpion (D:6)
  A bullfrog zombie (D:5)
  A crimson imp (D:7)
  3 hounds
  6 orc wizards
  A gnoll shaman (D:5)
  An iguana (D:6)
  Natasha (thrice) (D:3)
  3 worker ants
  A worker ant zombie (D:6)
  8 adders
  4 gnolls
  A shadow imp (D:5)
  An ooze (D:3)
  2 adder skeletons (D:4)
  A worm (D:2)
  2 dart slugs
  3 leopard geckos
  17 orcs
  A ball python (D:2)
  4 giant cockroaches
  5 goblins
  7 hobgoblins
  11 jackals
  8 kobolds
  3 quokkas
  9 bats
  3 frilled lizards
  A leopard gecko zombie (D:5)
  6 rats
127 creatures vanquished.

Vanquished Creatures (collateral kills)
  Sigmund (D:5)
1 creature vanquished.

Grand Total: 128 creatures vanquished

Notes
Turn   | Place    | Note
-------+----------+-------------------------------------------
     0 | D:1      | Oravi the Merfolk Transmuter began the quest for the Orb.
     0 | D:1      | Reached XP level 1. HP: 15/15 MP: 3/3
   128 | D:1      | Reached XP level 2. HP: 8/21 MP: 5/5
   411 | D:1      | Reached XP level 3. HP: 19/26 MP: 4/6
  1146 | D:1      | Learned a level 2 spell: Sticks to Snakes
  1150 | D:1      | Learned a level 3 spell: Spider Form
  1481 | D:2      | Reached skill level 5 in Transmutations
  1490 | D:2      | Reached skill level 1 in Poison Magic
  1515 | D:2      | Reached XP level 4. HP: 19/32 MP: 3/7
  1811 | D:2      | Found a white marble altar of Elyvilon.
  2058 | D:3      | Noticed Natasha
  2067 | D:3      | Killed Natasha
  2067 | D:3      | Reached XP level 5. HP: 26/37 MP: 5/8
  2194 | D:3      | Found a shadowy altar of Dithmenos.
  2405 | D:3      | Noticed Natasha
  2412 | D:3      | Killed Natasha
  2566 | D:3      | Noticed Natasha
  2575 | D:3      | Killed Natasha
  2846 | D:4      | Noticed a hand axe
  2848 | D:4      | Noticed a hand axe
  2850 | D:4      | Found a hide-covered altar of Uskayaw.
  2886 | D:4      | Reached XP level 6. HP: 26/44 MP: 5/9
  2888 | D:4      | Reached skill level 4 in Unarmed Combat
  3473 | D:5      | Entered Level 5 of the Dungeon
  3483 | D:4      | Reached XP level 7. HP: 25/51 MP: 7/10
  3643 | D:5      | Reached skill level 5 in Unarmed Combat
  3994 | D:5      | Got a crude robe
  4218 | D:5      | Noticed Sigmund
  4229 | D:5      | Killed Sigmund
  4229 | D:5      | Reached skill level 5 in Dodging
  4229 | D:5      | Reached skill level 6 in Unarmed Combat
  4229 | D:5      | Reached XP level 8. HP: 48/60 MP: 2/11
  4412 | D:5      | Noticed Eustachio
  4446 | D:5      | Killed Eustachio
  4455 | D:5      | Found a runed door.
  4518 | D:5      | Noticed Edmund
  4558 | D:5      | Killed Edmund
  4558 | D:5      | Reached skill level 7 in Unarmed Combat
  4827 | D:5      | Found a staircase to the Ecumenical Temple.
  5098 | D:5      | Identified the +1 robe of the Cast Vote {+Inv rF- Int+4} (You found it on level 5 of the Dungeon)
  5209 | D:6      | Found Puwn's Antique Weapon Boutique.
  5240 | D:6      | Found Risy's Jewellery Boutique.
  5262 | D:6      | Reached skill level 5 in Fighting
  5396 | D:6      | Reached skill level 8 in Unarmed Combat
  5574 | D:6      | Found a shimmering altar of Xom.
  5633 | D:6      | Reached XP level 9. HP: 60/68 MP: 8/12
  5660 | D:6      | Found Uleam's Distillery.
  5953 | D:7      | Noticed a manticore
  5962 | D:7      | Slain by a manticore

Vault maps used:
D:1:      evilmike_arrival_rings
D:2:      marbit_many_paths
D:3:      grunt_dithmenos_smoke, grunt_ministairs_11, uniq_natasha
D:4:      dancing_weapons_uskayaw, first_ration
D:5:      minmay_temple_entry_overgrown, serial_co_window_serial,
          co_window_paths_a, co_window_corner_a, co_window_corner_a,
          co_window_corner_a, co_window_corner_a, co_window_broadway_c,
          co_window_2corner, co_window_unsneaky_path_d, co_window_paths_e,
          glass_columns_c, glass_columns_a, uniq_crazy_yiuf_cottage,
          uniq_sigmund, uniq_edmund, uniq_eustachio
D:6:      serial_shops, nicolae_shop_overgrown_old_shop, nicolae_shop_trees,
          shop, basic_altar
D:7:      grunt_temple_overflow_opulence,
          grunt_temple_overflow_champion_of_chaos,
          gammafunk_temple_overflow_claw, roderic_batcave,
          kennysheep_generic_room_14

Skill      XL: |  1  2  3  4  5  6  7  8 |
---------------+-------------------------+-----
Transmutations | 3 4 5 6 |  6.0
Poison Magic   | 1 2 3 |  3.1
Dodging        | 3 4 5 7 |  7.1
Unarmed Combat | 4 6 8 |  8.5
Fighting       | 2 3 5 |  5.5
Spellcasting   | |  2.0

Action                   |  1- 3 |  4- 6 |  7- 9 || total
-------------------------+-------+-------+-------++-------
Melee: Unarmed           |   107 |   145 |   182 ||   434
       Headbutt          |     5 |       |       ||     5
       Punch             |     1 |       |       ||     1
 Cast: Beastly Appendage |    13 |       |       ||    13
       Spider Form       |     6 |    23 |    22 ||    51
       Sticks to Snakes  |       |       |     6 ||     6
  Use: Scroll            |       |       |    12 ||    12
 Stab: Sleeping          |     3 |     3 |     1 ||     7
       Distracted        |       |       |     1 ||     1
  Eat: Ration            |     1 |       |       ||     1
       Chunk             |       |     9 |    11 ||    20
Armor: Robe              |    15 |     1 |       ||    16
       Skin              |     1 |    11 |     4 ||    16
Dodge: Dodged            |    83 |   100 |   176 ||   359

Table legend:
 A = Spawn XP
 B = Non-spawn XP
 C = Spawn XP percentage of total XP
 D = Spawn monster count
 E = Non-spawn monster count
 F = Spawn count percentage of total count
 G = Total turns spent on level
                    A         B        C        D         E        F      G
               +---------+---------+-------+---------+---------+-------+---------
         Total |       0 |    2567 |   0.0 |       0 |     128 |   0.0 |  5962
               +---------+---------+-------+---------+---------+-------+---------
           D:1 |       0 |      43 |   0.0 |       0 |      17 |   0.0 |  1210
           D:2 |       0 |      73 |   0.0 |       0 |      19 |   0.0 |   709
           D:3 |       0 |     181 |   0.0 |       0 |      27 |   0.0 |   858
           D:4 |       0 |     325 |   0.0 |       0 |      16 |   0.0 |  1042
           D:5 |       0 |    1075 |   0.0 |       0 |      23 |   0.0 |  1390
           D:6 |       0 |     747 |   0.0 |       0 |      22 |   0.0 |   641
           D:7 |       0 |     123 |   0.0 |       0 |       4 |   0.0 |   112
               +---------+---------+-------+---------+---------+-------+---------
